Map: Datos-C

Players

Xandros - Winner!

  • Race: Zerg Zerg
  • League: Silver
  • Spawn Location: 3:00

MadHush

  • Race: Zerg Zerg
  • League: Diamond
  • Spawn Location: 9:00

VOD

Have the link to the VOD?

Description

Time

  • Played on: Dec. 14, 2022, 12:28 p.m.
  • Length: 10:47
Show
View Real Time Build Order
Export as new Build Order

Xandros Zerg - Winner!

Build Orders: Hatch First, Roach Hydra 

Get SALT Encoding   

  12  0:04  Drone  
  13  0:15  Overlord  
  13  0:19  Drone  
  14  0:35  Drone x2  
  16  0:41  Drone  
  17  0:54  Hatchery  
  16  0:59  Drone  
  17  1:12  Spawning Pool  
  17  1:14  Drone  
  17  1:23  Extractor  
  17  1:24  Drone x2  
  18  1:31  Drone  
  19  2:02  Overlord  
  19  2:09  Drone  
  19  2:10  Drone x2  
  19  2:11  Queen x2  
  26  2:18  Drone x2  
  28  2:25  Drone  
  28  2:28  Drone  
  30  2:35  Drone  
  31  2:40  Overlord  
  31  2:46  Drone  
  31  2:51  Lair  
  32  2:53  Queen  
  34  3:02  Roach Warren  
  34  3:05  Drone x2, Evolution Chamber  
  34  3:06  Evolution Chamber  
  33  3:19  Overlord  
  33  3:22  Drone x2  
  33  3:23  Drone x4  
  39  3:27  Overlord  
  39  3:41  Zerg Missile Weapons Level 1  
  39  3:47  Roach x4, Extractor  
  46  3:54  Roach  
  48  4:02  Roach  
  50  4:05  Drone  
  50  4:06  Drone x4  
  55  4:17  Roach x2  
  55  4:20  Drone  
  55  4:21  Overlord  
  55  4:22  Overlord  
  60  4:28  Overseer  
  60  4:47  Hatchery  
  60  4:52  Roach x3  
  65  4:53  Roach  
  67  5:03  Glial Reconstitution  
  67  5:06  Drone x5  
  72  5:15  Drone x2, Extractor  
  73  5:30  Drone x2  
  73  5:35  Drone  
  76  5:40  Overseer  
  76  5:46  Hydralisk Den  
  75  5:51  Drone  
  76  6:10  Overlord x4  
  76  6:14  Zerg Missile Weapons Level 2  
  76  6:18  Grooved Spines  
  76  6:22  Drone x2  
  78  6:27  Extractor  
  78  6:29  Drone x3, Extractor  
  78  6:30  Drone  
  78  6:31  Drone x2  
  78  6:32  Drone x4  
  86  6:35  Queen  
  88  6:49  Hydralisk  
  88  6:50  Hydralisk x4  
  98  7:01  Hydralisk x3  
  104  7:11  Infestation Pit  
  104  7:12  Hydralisk  
  104  7:13  Extractor  
  104  7:22  Spine Crawler, Overlord x3  
  103  7:23  Overlord  
  103  7:24  Hydralisk x3  
  109  7:33  Roach x2, Spine Crawler  
  112  7:45  Hydralisk  
  112  7:46  Hydralisk x4  
  112  7:49  Drone x7  
  129  8:04  Roach  
  129  8:05  Roach x5  
  141  8:19  Drone x3  
  145  8:20  Drone  
  145  8:25  Overlord  
  145  8:26  Hatchery  
  144  8:29  Muscular Augments  
  144  8:32  Zerg Ground Armor Level 1  
  144  8:33  Hive  
  144  8:39  Drone x2  
  146  8:52  Hydralisk x2  
  146  8:53  Hydralisk x2  
  154  8:55  Overlord x2  
  154  8:56  Overlord x2  
  154  9:18  Drone x11  
  165  9:31  Roach  
  165  9:32  Roach  
  153  9:52  Hydralisk  
  153  9:53  Hydralisk x10  
  153  9:59  Hydralisk x3  
  165  10:01  Overlord x3  
  165  10:03  Queen  
  165  10:05  Drone  
  168  10:11  Extractor  
  168  10:12  Extractor  
  154  10:26  Hatchery  
Show
View Real Time Build Order
Export as new Build Order

MadHush Zerg 

Build Orders: Pool First 

Get SALT Encoding   

  12  0:00  Drone  
  13  0:13  Overlord  
  13  0:17  Drone  
  14  0:32  Drone x2  
  16  0:41  Drone  
  17  0:55  Drone  
  18  0:57  Extractor  
  18  1:03  Spawning Pool  
  16  1:04  Drone  
  17  1:23  Hatchery  
  16  1:34  Drone x3  
  19  1:45  Overlord  
  19  1:49  Queen  
  21  1:57  Zergling x2  
  22  2:13  Metabolic Boost  
  22  2:18  Drone x2  
  24  2:35  Queen  
  26  2:37  Queen  
  28  2:56  Drone  
  28  2:57  Drone x3  
  32  2:59  Hatchery  
  31  3:23  Drone x5  
  31  3:25  Overlord  
  36  3:38  Overlord  
  36  3:47  Drone x5  
  40  3:59  Overlord  
  40  4:01  Spore Crawler  
  39  4:03  Spore Crawler  
  38  4:10  Evolution Chamber  
  38  4:15  Roach Warren  
  36  4:17  Evolution Chamber, Queen  
  36  4:23  Lair  
  37  4:28  Extractor  
  36  4:36  Drone x2  
  36  4:37  Zerg Missile Weapons Level 1  
  38  4:39  Queen  
  40  4:57  Queen  
  40  4:59  Zerg Ground Armor Level 1  
  42  5:05  Overlord x2  
  42  5:06  Overlord  
  42  5:07  Zergling x2  
  42  5:08  Roach  
  45  5:14  Queen  
  47  5:24  Roach  
  47  5:25  Roach x4  
  57  5:29  Glial Reconstitution  
  57  5:32  Drone x2  
  59  5:45  Overseer  
  59  5:53  Roach x4  
  59  5:54  Overlord  
  67  6:12  Roach x4  
  67  6:13  Roach  
  77  6:18  Extractor  
  77  6:19  Extractor  
  77  6:23  Queen  
  77  6:33  Roach  
  77  6:34  Roach x3  
  85  6:50  Roach x2  
  85  6:51  Overlord x3  
  88  7:35  Roach  
  88  7:36  Drone x8  
  88  7:37  Drone x5  
  103  7:46  Roach  
  103  7:47  Roach  
  103  7:50  Extractor  
  106  7:52  Extractor  
  106  7:57  Pneumatized Carapace  
  106  7:58  Roach x3  
  111  8:06  Drone x2  
  111  8:07  Zerg Missile Weapons Level 2  
  111  8:10  Overseer  
  113  8:26  Overlord  
  113  8:27  Overlord x5  
  113  8:52  Ravager x4  
  113  8:53  Ravager x2  
  113  8:54  Roach x2  
  123  8:56  Drone x2  
  123  8:57  Drone  
  123  9:02  Drone x5  
  131  9:03  Drone x3  
  134  9:13  Hatchery  
  133  9:21  Infestation Pit  
  126  9:49  Roach x10  
  126  9:50  Roach x4  
Tags
 
Composition
Roach Hydra
Matchup
ZvZ
Race
Zerg
Spawn Locations
Cross Positions
Add a new tag
Caveats
  • Supply blocks, unpowered buildings, or Contaminate may cause inaccurate times.
  • Supply counts are checked every 10 seconds.